Map: Ruins of Seras

Players

SolaCe (Nina)

  • Race: Protoss Protoss
  • League: Master

Plurmorant - Winner!

  • Race: Zerg Zerg
  • League: Master

Event: ASL Season 5 Prime League LOTV Beta

VOD

Have the link to the VOD?

Description

Time

  • Played on: Sept. 10, 2015, 8:49 p.m.
  • Length: 16:36

All games in this series

Show
View Real Time Build Order
Export as new Build Order

SolaCe Protoss 

Build Orders:  

Get SALT Encoding   

  12  0:00  Probe (Chrono Boost)  
  13  0:10  Probe (Chrono Boost)  
  14  0:18  Pylon  
  14  0:22  Probe (Chrono Boost)  
  15  0:35  Probe (Chrono Boost)  
  15  0:39  Gateway  
  16  0:45  Probe (Chrono Boost)  
  16  0:48  Assimilator  
  17  0:55  Probe (Chrono Boost)  
  18  1:06  Probe (Chrono Boost)  
  19  1:16  Probe (Chrono Boost)  
  20  1:26  Probe (Chrono Boost)  
  20  1:30  Cybernetics Core  
  21  1:36  Probe (Chrono Boost)  
  22  1:48  Nexus  
  22  1:49  Probe (Chrono Boost)  
  23  1:57  Pylon  
  23  2:09  Warp Gate  
  23  2:12  Assimilator  
  23  2:15  Probe (Chrono Boost)  
  23  2:19  Adept  
  26  2:25  Mothership Core (Chrono Boost)  
  28  2:39  Pylon  
  28  2:43  Probe (Chrono Boost)  
  29  2:47  Adept  
  31  2:57  Probe (Chrono Boost)  
  32  3:00  Probe (Chrono Boost)  
  32  3:02  Stargate  
  33  3:07  Probe (Chrono Boost)  
  33  3:10  Probe (Chrono Boost)  
  35  3:16  Stalker  
  35  3:17  Probe (Chrono Boost)  
  38  3:20  Probe (Chrono Boost)  
  39  3:27  Probe (Chrono Boost)  
  39  3:30  Probe (Chrono Boost)  
  41  3:37  Probe (Chrono Boost)  
  41  3:38  Pylon  
  41  3:41  Gateway x2, Probe (Chrono Boost)  
  43  3:50  Void Ray (Chrono Boost)  
  43  3:53  Probe (Chrono Boost)  
  47  4:03  Pylon  
  47  4:09  Pylon  
  47  4:12  Gateway  
  47  4:16  Adept  
  49  4:26  Gateway  
  49  4:28  Probe  
  49  4:29  Probe  
  51  4:35  Adept  
  51  4:36  Adept  
  51  4:38  Probe  
  55  4:40  Twilight Council  
  55  4:42  Probe  
  57  4:48  Probe  
  58  4:53  Adept, Pylon  
  58  4:54  Probe  
  58  4:56  Stalker  
  58  4:57  Pylon  
  63  5:03  Probe  
  64  5:11  Pylon  
  64  5:12  Stalker  
  62  5:15  Adept  
  62  5:20  Probe  
  55  5:26  Stalker x2  
  57  5:33  Void Ray (Chrono Boost)  
  57  5:34  Probe  
  58  5:36  Pylon  
  58  5:40  Pylon  
  56  5:43  Adept x2  
  56  5:47  Probe  
  56  5:48  Probe  
  62  5:51  Assimilator  
  62  5:52  Adept  
  62  5:55  Adept  
  62  5:57  Assimilator  
  62  5:58  Probe  
  61  6:06  Probe  
  62  6:11  Probe  
  62  6:17  Robotics Facility  
  63  6:23  Adept  
  63  6:25  Probe  
  66  6:26  Probe  
  67  6:35  Adept x4  
  67  6:36  Probe  
  67  6:37  Probe  
  77  6:45  Pylon  
  77  6:46  Probe  
  77  6:48  Shield Upgrade (Chrono Boost)  
  77  6:50  Probe  
  77  6:51  Adept  
  81  6:56  Probe  
  81  6:58  Pylon  
  82  7:03  Warp Prism  
  82  7:08  Nexus  
  84  7:09  Forge  
  84  7:10  Sentry x2  
  84  7:13  Pylon  
  84  7:15  Oracle  
  91  7:22  Gateway  
  91  7:25  Probe  
  91  7:27  Probe  
  93  7:35  Probe  
  93  7:37  Protoss Air Weapons Level 1  
  93  7:39  Probe, Charge (Chrono Boost)  
  93  7:41  Protoss Shields Level 1 (Chrono Boost)  
  95  7:45  Probe  
  96  7:55  Zealot x3  
  96  7:56  Probe  
  103  8:00  Assimilator  
  103  8:01  Assimilator  
  103  8:02  Gateway  
  103  8:04  Observer  
  100  8:21  Oracle  
  100  8:24  Zealot x2  
  100  8:25  Zealot x2  
  107  8:29  Gateway  
  107  8:33  Probe  
  107  8:34  Probe  
  110  8:43  Observer  
  110  8:46  Zealot  
  110  8:47  Zealot x3  
  118  9:01  Zealot x2  
  122  9:12  Zealot x3  
  122  9:13  Zealot  
  114  9:27  Zealot x2  
  114  9:29  Stargate  
  116  9:31  Pylon  
  116  9:36  Stargate  
  116  9:41  Photon Cannon  
  116  9:42  Zealot x2  
  116  9:43  Zealot x2  
  124  9:48  Nexus, Pylon  
  124  9:51  Pylon  
  124  9:53  Protoss Shields Level 2 (Chrono Boost)  
  124  9:58  Pylon  
  124  10:04  Templar Archives  
  124  10:18  Phoenix x2  
  124  10:19  Phoenix  
  130  10:23  Fleet Beacon  
  130  10:25  Zealot  
  130  10:27  Warp Prism  
  134  10:30  Stalker  
  134  10:33  Zealot x3  
  142  10:36  Photon Cannon  
  142  10:42  Phoenix (Chrono Boost)  
  142  10:55  Zealot x5  
  142  10:56  Zealot, Phoenix (Chrono Boost)  
  142  10:57  Phoenix (Chrono Boost)  
  157  11:09  Anion Pulse-Crystals  
  157  11:18  Stalker x2  
  159  11:20  Pylon  
  159  11:24  High Templar x2  
  165  11:27  Pylon  
  163  11:33  Pylon  
  163  11:37  Psionic Storm, High Templar x2  
  163  11:39  Phoenix x2 (Chrono Boost)  
  169  11:40  Phoenix (Chrono Boost)  
  171  11:49  Zealot  
  171  11:50  Zealot  
  175  11:59  Phoenix (Chrono Boost)  
  175  12:01  Zealot  
  175  12:02  Zealot  
  175  12:11  Archon  
  159  12:19  Zealot  
  159  12:20  Zealot x3  
  143  12:28  Zealot x2  
  129  12:35  Phoenix x3 (Chrono Boost)  
  125  12:41  Zealot x4  
  127  12:50  Zealot x2  
  113  12:59  Phoenix x2 (Chrono Boost)  
  115  13:10  High Templar x3  
  121  13:17  Nexus  
  121  13:25  High Templar  
  119  13:31  Zealot x2  
  125  13:34  Mothership Core  
  125  13:44  Zealot x3  
  103  14:05  Zealot x5  
  113  14:14  Zealot  
  113  14:16  Phoenix x3 (Chrono Boost)  
  125  14:30  Zealot x2  
  109  14:41  Zealot  
  110  14:52  Zealot x2  
  108  14:59  Phoenix x2 (Chrono Boost)  
  110  15:02  Phoenix (Chrono Boost)  
  110  15:07  Zealot  
Show
View Real Time Build Order
Export as new Build Order

Plurmorant Zerg - Winner!

Build Orders: Hatch First, Roach Nydus 

Get SALT Encoding   

  12  0:01  Drone  
  13  0:12  Overlord  
  13  0:18  Drone  
  14  0:23  Drone, Extractor  
  15  0:31  Drone  
  15  0:34  Drone  
  17  0:54  Hatchery  
  17  0:56  Drone  
  17  1:10  Spawning Pool  
  16  1:13  Drone  
  16  1:16  Drone  
  18  1:21  Drone  
  19  1:28  Overlord  
  19  1:38  Drone  
  20  1:49  Drone  
  21  1:57  Queen  
  23  2:02  Drone  
  23  2:03  Extractor x2  
  23  2:05  Queen  
  23  2:06  Drone  
  25  2:11  Drone  
  26  2:16  Zergling x2  
  26  2:21  Drone  
  28  2:29  Drone  
  29  2:32  Queen  
  29  2:35  Drone  
  32  2:38  Drone  
  32  2:41  Roach Warren  
  32  2:46  Overlord  
  32  2:49  Drone  
  33  2:55  Queen  
  35  2:59  Drone  
  35  3:03  Overlord  
  36  3:11  Lair  
  36  3:15  Drone  
  36  3:16  Drone  
  38  3:24  Drone  
  39  3:27  Drone x2  
  39  3:28  Overlord  
  39  3:33  Drone  
  42  3:35  Drone  
  42  3:38  Drone  
  42  3:40  Overlord  
  44  3:44  Drone x2  
  46  3:51  Drone x2  
  48  3:59  Drone  
  48  4:01  Overlord  
  48  4:02  Drone x2  
  51  4:10  Roach x2  
  51  4:13  Nydus Network, Roach  
  51  4:16  Roach  
  58  4:18  Roach  
  58  4:20  Roach  
  58  4:22  Roach  
  64  4:25  Roach  
  64  4:28  Roach  
  64  4:30  Roach  
  70  4:33  Roach  
  72  4:39  Overlord x2  
  72  4:41  Roach  
  72  4:45  Queen  
  76  4:52  Nydus Canal  
  76  4:56  Overlord  
  76  4:57  Queen  
  78  5:02  Hydralisk Den  
  77  5:09  Roach x2  
  83  5:14  Roach  
  83  5:16  Roach  
  83  5:24  Roach  
  79  5:32  Roach x2  
  81  5:37  Drone  
  81  5:38  Drone  
  81  5:41  Drone x2  
  79  5:49  Drone x2  
  77  5:50  Hatchery  
  77  5:54  Hatchery  
  77  5:56  Muscular Augments  
  73  5:57  Drone  
  73  5:58  Drone, Extractor  
  73  5:59  Extractor  
  67  6:06  Drone x2  
  69  6:12  Glial Reconstitution  
  69  6:13  Drone  
  69  6:16  Drone  
  69  6:17  Drone  
  72  6:19  Overlord  
  72  6:21  Drone x2  
  72  6:23  Drone  
  72  6:24  Drone  
  76  6:27  Overlord x2  
  76  6:32  Overlord  
  76  6:37  Overlord, Drone  
  76  6:38  Drone  
  76  6:39  Drone  
  79  6:48  Hydralisk  
  79  6:50  Hydralisk  
  83  6:55  Hydralisk  
  83  6:56  Hydralisk x2  
  83  7:01  Hydralisk  
  89  7:02  Drone  
  89  7:05  Overlord  
  89  7:07  Infestation Pit  
  91  7:09  Extractor  
  91  7:10  Drone x3, Extractor  
  91  7:11  Drone  
  93  7:16  Drone x2  
  93  7:17  Queen  
  93  7:18  Drone  
  93  7:19  Drone  
  98  7:26  Hydralisk x3  
  104  7:34  Overlord x3  
  104  7:37  Overlord  
  104  7:40  Drone  
  104  7:41  Drone x2  
  104  7:42  Drone  
  108  7:44  Drone x2  
  108  7:46  Drone x2  
  108  7:50  Overlord  
  113  7:51  Drone  
  113  7:55  Hive  
  113  7:59  Drone x3  
  113  8:01  Hydralisk  
  118  8:07  Hydralisk x2  
  118  8:08  Hydralisk  
  118  8:09  Drone  
  125  8:14  Overseer  
  125  8:15  Overlord  
  125  8:22  Hydralisk x4  
  125  8:24  Drone x3  
  136  8:30  Overlord  
  136  8:31  Evolution Chamber, Drone x2  
  136  8:32  Evolution Chamber  
  136  8:35  Drone  
  137  8:42  Pneumatized Carapace  
  137  8:43  Hydralisk x2  
  137  8:45  Roach x2  
  137  8:46  Roach x2  
  137  8:47  Extractor x2  
  149  8:48  Roach  
  149  8:49  Roach  
  149  8:51  Roach  
  153  9:02  Overlord  
  153  9:03  Zerg Missile Weapons Level 1, Drone, Zerg Ground Armor Level 1  
  153  9:04  Drone x3  
  153  9:05  Overlord  
  153  9:06  Roach x2  
  161  9:11  Roach x2  
  161  9:15  Roach  
  161  9:16  Roach x3  
  161  9:17  Drone x3  
  173  9:19  Drone  
  173  9:20  Drone  
  173  9:22  Drone  
  173  9:26  Roach x3  
  179  9:33  Overseer x3  
  179  9:34  Overlord x3  
  179  9:36  Viper  
  182  9:43  Viper  
  185  9:46  Viper  
  185  9:48  Viper  
  191  9:54  Hatchery  
  191  9:59  Viper  
  190  10:01  Roach x2  
  197  10:08  Roach  
  199  10:21  Extractor  
  199  10:24  Extractor  
  195  10:29  Overlord  
  195  10:31  Overlord x2  
  195  10:33  Overlord  
  195  10:34  Roach x2  
  199  10:36  Overlord x2  
  199  10:44  Ultralisk Cavern  
  198  11:04  Zerg Missile Weapons Level 2  
  198  11:05  Zerg Ground Armor Level 2  
  198  11:39  Chitinous Plating  
  198  12:08  Roach  
  191  12:09  Hydralisk  
  191  12:11  Roach  
  191  12:12  Roach  
  191  12:13  Roach  
  199  12:19  Roach  
  199  12:20  Roach x2  
  190  12:23  Hydralisk x3  
  190  12:24  Hydralisk x6  
  190  12:28  Roach  
  190  12:29  Roach x6  
  191  12:30  Roach  
  191  12:31  Roach x5  
  191  12:35  Hydralisk x3  
  191  12:36  Hydralisk x2  
  197  12:39  Roach x3  
  197  12:40  Hydralisk  
  193  12:45  Roach  
  193  12:46  Roach  
  193  12:47  Roach  
  193  12:48  Roach  
  193  12:50  Roach x3  
  193  12:51  Hydralisk x2  
  195  12:52  Hydralisk  
  195  12:57  Hydralisk x2  
  192  13:10  Viper x2  
  198  13:14  Roach  
  200  13:21  Spire, Zerg Melee Weapons Level 1  
  200  13:25  Hydralisk x3  
  199  13:29  Zerg Missile Weapons Level 3  
  199  13:32  Hatchery  
  198  13:37  Roach  
  198  13:57  Roach  
  198  13:58  Roach x7  
  198  13:59  Hydralisk x2, Roach  
  198  14:01  Roach  
  196  14:04  Hydralisk x6  
  196  14:07  Ultralisk  
  196  14:08  Zergling x4  
  196  14:11  Roach  
  187  14:21  Hydralisk x6  
  187  14:22  Hydralisk  
  187  14:23  Hydralisk x3  
  187  14:24  Hydralisk  
  199  14:25  Hydralisk  
  199  14:35  Hydralisk  
  199  14:36  Hydralisk x3  
  199  14:42  Hydralisk x2  
  195  14:48  Hydralisk, Roach  
  189  14:53  Hydralisk x2  
  189  14:56  Hydralisk, Roach x2  
  195  15:02  Hydralisk  
  195  15:03  Hydralisk  
  199  15:13  Corruptor  
  199  15:14  Corruptor  
  195  15:16  Hydralisk  
  195  15:17  Hydralisk x2  
  195  15:18  Corruptor  
  195  15:19  Corruptor x2  
  199  15:30  Extractor x2  
Tags
 
Add a new tag
Caveats
  • Supply blocks, unpowered buildings, or Contaminate may cause inaccurate times.
  • Supply counts are checked every 10 seconds.